[Event "Rated Blitz game"]
[Site "?"]
[Date "2021.11.25"]
[Round "?"]
[White "Vitruviy"]
[Black "Zack_ryder01"]
[Result "1-0"]
[ECO "C42"]
[WhiteElo "2478"]
[BlackElo "2404"]
[PlyCount "57"]
[EventDate "2021.??.??"]
[EventType "blitz"]
[TimeControl "180"]

1. e4 e5 2. Nf3 Nf6 3. Nxe5 d6 4. Nxf7 Kxf7 5. d4 c5 6. Nc3 cxd4 7. Bc4+ Be6 8.
Bxe6+ Kxe6 9. Qxd4 Nc6 10. Qc4+ Kd7 11. Bg5 Be7 12. O-O-O a6 13. Rhe1 Kc7 14.
e5 d5 15. Qh4 Nd7 16. Nxd5+ Kc8 17. Nxe7+ Nxe7 18. Bxe7 Qe8 19. Qc4+ Kb8 20.
Bd6+ Ka7 21. e6 Nb6 22. Bc5 Rc8 23. Qb4 Qc6 24. Re5 Rhe8 25. Rd6 Qd7 26. Qxb6+
Kb8 27. exd7 Rxe5 28. dxc8=Q+ Kxc8 29. Rd8# {Normal} 1-0

[Event "Rated Blitz game"]
[Site "?"]
[Date "2021.11.25"]
[Round "?"]
[White "marinoacid"]
[Black "geneh59"]
[Result "0-1"]
[ECO "C42"]
[WhiteElo "2405"]
[BlackElo "2400"]
[PlyCount "110"]
[EventDate "2021.??.??"]
[EventType "blitz"]
[TimeControl "300"]

1. e4 e5 2. Nf3 Nf6 3. Nxe5 d6 4. Nxf7 Kxf7 5. Bc4+ d5 6. exd5 Bd6 7. O-O Re8
8. h3 Kg8 9. Nc3 Nbd7 10. d4 Nb6 11. Bb3 a5 12. a4 Bf5 13. Bg5 h6 14. Bh4 Bg6
15. Qf3 Rf8 16. Rae1 Qd7 17. Re6 Nh7 18. Qe2 Bf5 19. Re3 Rae8 20. Ne4 Bxe4 21.
Rxe4 Rxe4 22. Qxe4 Re8 23. Qd3 Nxa4 24. c4 Kh8 25. Bc2 Nf8 26. b3 Nb6 27. c5
Nxd5 28. cxd6 Qxd6 29. Bg3 Qe6 30. Qb5 b6 31. Bd1 c6 32. Qd3 Nb4 33. Qd2 Qd5
34. Qc3 Rd8 35. Be5 Ng6 36. Bf3 Qd7 37. Re1 Nxe5 38. dxe5 Qe6 39. Bg4 Nd5 40.
Qc4 Qg6 41. e6 Nf6 42. Qxc6 Nxg4 43. e7 Qxc6 44. exd8=Q+ Kh7 45. hxg4 Qg6 46.
Qd4 b5 47. Qf4 a4 48. bxa4 bxa4 49. Qf5 Qxf5 50. gxf5 h5 51. Ra1 Kh6 52. Rxa4
Kg5 53. Ra5 h4 54. Kh2 Kf4 55. Kh3 Kg5 {Time forfeit} 0-1

[Event "Rated Blitz game"]
[Site "?"]
[Date "2021.11.25"]
[Round "?"]
[White "Salov-2"]
[Black "Busete"]
[Result "1-0"]
[ECO "C42"]
[WhiteElo "2265"]
[BlackElo "2440"]
[PlyCount "65"]
[EventDate "2021.??.??"]
[EventType "blitz"]
[TimeControl "300"]

1. e4 e5 2. Nf3 Nf6 3. Nxe5 d6 4. Nxf7 Kxf7 5. Nc3 c5 6. d4 Be6 7. d5 Bd7 8. f4
Kg8 9. e5 Ne8 10. e6 Bc8 11. Bc4 Na6 12. O-O Nac7 13. a4 b6 14. f5 Ba6 15. Qe2
Bxc4 16. Qxc4 Be7 17. Ne4 Nf6 18. Ng5 Nfxd5 19. Nf7 Qf8 20. Rd1 Nf6 21. h3 Rb8
22. Bf4 Nce8 23. Re1 d5 24. Qa6 Nd6 25. Bxd6 Bxd6 26. Qxa7 Qe7 27. Qa6 h6 28.
g4 Kh7 29. Qe2 Rhf8 30. h4 Rxf7 31. exf7 Ne4 32. g5 hxg5 33. Qh5# {Normal} 1-0

[Event "Rated Blitz game"]
[Site "?"]
[Date "2021.11.25"]
[Round "?"]
[White "rinoplastia"]
[Black "playforwin64"]
[Result "1-0"]
[ECO "C42"]
[WhiteElo "2537"]
[BlackElo "2484"]
[PlyCount "75"]
[EventDate "2021.??.??"]
[EventType "blitz"]
[TimeControl "180"]

1. e4 e5 2. Nf3 Nf6 3. Nxe5 d6 4. Nxf7 Kxf7 5. Bc4+ d5 6. exd5 Bd6 7. O-O Rf8
8. d4 Kg8 9. Nc3 Bg4 10. f3 Bh5 11. Bg5 Nbd7 12. Ne4 b6 13. Bd3 Bg6 14. c4 Qe8
15. Re1 Qf7 16. Rc1 Nxe4 17. Bxe4 Bf4 18. Bxf4 Qxf4 19. c5 bxc5 20. dxc5 Rae8
21. d6 Bxe4 22. fxe4 cxd6 23. cxd6 Rxe4 24. Qd5+ Kh8 25. Qxe4 Qxd6 26. Kh1 Nf6
27. Qe5 Qb6 28. h3 h6 29. b3 Qf2 30. Qe2 Qb6 31. Qe3 Qa6 32. Rc7 Qa5 33. Rxa7
Qb4 34. Qe7 Qxe7 35. Rexe7 h5 36. Rxg7 h4 37. Rgf7 Ng8 38. Rh7# {Normal} 1-0

[Event "Rated Blitz game"]
[Site "?"]
[Date "2021.11.25"]
[Round "?"]
[White "Gdmonster22"]
[Black "Barcode98"]
[Result "0-1"]
[ECO "C42"]
[WhiteElo "2407"]
[BlackElo "2392"]
[PlyCount "96"]
[EventDate "2021.??.??"]
[EventType "blitz"]
[TimeControl "180"]

1. e4 e5 2. Nf3 Nf6 3. Nxe5 d6 4. Nxf7 Kxf7 5. Bc4+ Be6 6. Bxe6+ Kxe6 7. O-O c5
8. Re1 Nc6 9. c3 Be7 10. Qb3+ Kd7 11. Qxb7+ Qc7 12. Qb5 Rab8 13. Qa4 Rhf8 14.
h3 Qa5 15. Qc2 c4 16. Na3 Ne5 17. f4 Nd3 18. Re3 Qc5 19. Nxc4 Nxc1 20. b3 Ne2+
21. Kh2 Nxf4 22. d4 Qh5 23. Rg3 g5 24. e5 N6d5 25. exd6 Bxd6 26. Nxd6 Kxd6 27.
c4 Ne7 28. Qe4 Neg6 29. Re1 Rbe8 30. c5+ Kc7 31. Qb1 Nh4 32. Rxe8 Rxe8 33. d5
Nhxg2 34. d6+ Kd8 35. Qf5 Qg6 36. Rxg5 Qxf5 37. Rxf5 Re2 38. Kg3 Re3+ 39. Kf2
Re6 40. b4 Kd7 41. Rf7+ Kc6 42. Rxh7 a5 43. a3 axb4 44. axb4 Kb5 45. Rb7+ Ka6
46. Rb6+ Ka7 47. d7 Nd3+ 48. Kxg2 Rg6+ {Time forfeit} 0-1

[Event "Rated Rapid game"]
[Site "?"]
[Date "2021.11.25"]
[Round "?"]
[White "dagome61"]
[Black "johhnybravo"]
[Result "1/2-1/2"]
[ECO "C42"]
[WhiteElo "2466"]
[BlackElo "2285"]
[PlyCount "103"]
[EventDate "2021.??.??"]
[EventType "rapid"]
[TimeControl "600"]

1. e4 e5 2. Nf3 Nf6 3. Nxe5 d6 4. Nxf7 Kxf7 5. d4 Be6 6. d5 Bd7 7. Nc3 Be7 8.
f4 Re8 9. e5 dxe5 10. fxe5 Bb4 11. e6+ Bxe6 12. dxe6+ Rxe6+ 13. Be2 Qxd1+ 14.
Kxd1 Bxc3 15. bxc3 Rd6+ 16. Bd3 Nc6 17. Bf4 Rd7 18. Rb1 b6 19. Kc1 Ne7 20. Rf1
Ned5 21. Bd2 c6 22. Kb2 Kg8 23. Rbe1 Rad8 24. Bf5 Re7 25. c4 Rxe1 26. Rxe1 Nc7
27. Bf4 Re8 28. Rxe8+ Nfxe8 29. Kc3 c5 30. Kd3 Kf7 31. Be5 g6 32. Bg4 Na6 33.
a3 Nf6 34. Bf3 Nd7 35. Bf4 Ke6 36. g4 Ne5+ 37. Bxe5 Kxe5 38. Bd5 g5 39. Ke3 Nc7
40. Bg8 h6 41. h3 Ne8 42. a4 Nf6 43. Bf7 Ne4 44. Bd5 Nc3 45. Bc6 Kd6 46. Be8
Ke7 47. Bc6 Kd6 48. Be8 Ke5 49. Bc6 Kd6 50. Be8 Ke7 51. Bc6 Kd6 52. Be8 {Normal
} 1/2-1/2

[Event "Rated Blitz game"]
[Site "?"]
[Date "2021.11.24"]
[Round "?"]
[White "chickens0003"]
[Black "Nagi-Bator"]
[Result "1-0"]
[ECO "C42"]
[WhiteElo "2475"]
[BlackElo "2360"]
[PlyCount "53"]
[EventDate "2021.??.??"]
[EventType "blitz"]
[TimeControl "180+2"]

1. e4 e5 2. Nf3 Nf6 3. Nxe5 d6 4. Nxf7 Kxf7 5. d4 Be7 6. Bc4+ Be6 7. Bxe6+ Kxe6
8. Nc3 Kf7 9. f4 Rf8 10. Qf3 Nfd7 11. Be3 Kg8 12. O-O-O c6 13. g4 Na6 14. h4
Qa5 15. g5 b5 16. Qg4 Qd8 17. Ne2 Kh8 18. Ng3 Nb6 19. Kb1 Nc4 20. Bc1 Nc7 21.
h5 Re8 22. h6 g6 23. f5 Rg8 24. f6 Bxf6 25. gxf6 Qxf6 26. Rhf1 Qe7 27. Bg5 {
Time forfeit} 1-0

[Event "Rated Blitz game"]
[Site "?"]
[Date "2021.11.24"]
[Round "?"]
[White "DanielFCastro"]
[Black "addkimzy"]
[Result "1-0"]
[ECO "C42"]
[WhiteElo "2453"]
[BlackElo "2389"]
[PlyCount "69"]
[EventDate "2021.??.??"]
[EventType "blitz"]
[TimeControl "180"]

1. e4 e5 2. Nf3 Nf6 3. Nxe5 d6 4. Nxf7 Kxf7 5. d4 d5 6. e5 Ne4 7. Bd3 c5 8. O-O
cxd4 9. f3 Ng5 10. Nd2 Nc6 11. f4 Ne6 12. f5 Nc5 13. e6+ Kg8 14. Nf3 Nxd3 15.
Qxd3 h6 16. Nxd4 Nxd4 17. Qxd4 Qb6 18. Be3 Qxd4 19. Bxd4 Be7 20. Rad1 b6 21.
Be5 Bb7 22. c4 Rd8 23. cxd5 Rxd5 24. Rxd5 Bxd5 25. Rd1 Bxa2 26. Rd7 Bc5+ 27.
Bd4 Bxd4+ 28. Rxd4 Kh7 29. Rd7 Bb1 30. f6 Kg6 31. f7 Bf5 32. Re7 Bxe6 33. Re8
Bxf7 34. Rxh8 Bg8 35. Rxg8 {Normal} 1-0

[Event "Rated Blitz game"]
[Site "?"]
[Date "2021.11.24"]
[Round "?"]
[White "Benj49"]
[Black "BigH"]
[Result "1-0"]
[ECO "C42"]
[WhiteElo "2619"]
[BlackElo "2505"]
[PlyCount "115"]
[EventDate "2021.??.??"]
[EventType "blitz"]
[TimeControl "180"]

1. e4 e5 2. Nf3 Nf6 3. Nxe5 d6 4. Nxf7 Kxf7 5. d4 c5 6. dxc5 d5 7. exd5 Bxc5 8.
Nc3 Re8+ 9. Be2 Kg8 10. O-O Bf5 11. Bf3 Nbd7 12. d6 Rb8 13. Bg5 Kh8 14. Nd5
Bxd6 15. Ne3 Rxe3 16. Bxe3 Qc7 17. g3 Ne5 18. Bg2 Bg4 19. f3 Bh5 20. Kh1 Re8
21. Bf4 Nc4 22. Bxd6 Nxd6 23. Re1 Rxe1+ 24. Qxe1 Qxc2 25. Qc3 Qxc3 26. bxc3 Kg8
27. Rd1 Nb5 28. c4 Nc3 29. Rd3 Nxa2 30. Ra3 Nb4 31. Rxa7 b6 32. Rb7 Nd3 33.
Rxb6 Ne1 34. c5 Nxf3 35. c6 Ne4 36. Bxf3 Bxf3+ 37. Kg1 Nd6 38. c7 Nc8 39. Rb4
h5 40. h3 Kf7 41. Rb8 Nd6 42. c8=Q Nxc8 43. Rxc8 Kg6 44. Kf2 Be4 45. Rc5 Kh6
46. h4 Bg6 47. Ke3 Kh7 48. Kf4 Kh6 49. Rc6 Kh7 50. Kg5 Be8 51. Rc7 Bf7 52. Re7
Kh8 53. g4 Kg8 54. gxh5 Bxh5 55. Kxh5 Kh7 56. Kg5 Kh8 57. Kg6 Kg8 58. Re8# {
Normal} 1-0

[Event "Rated Blitz game"]
[Site "?"]
[Date "2021.11.24"]
[Round "?"]
[White "DanielFCastro"]
[Black "UmbertoRUS"]
[Result "1-0"]
[ECO "C42"]
[WhiteElo "2432"]
[BlackElo "2237"]
[PlyCount "35"]
[EventDate "2021.??.??"]
[EventType "blitz"]
[TimeControl "180"]

1. e4 e5 2. Nf3 Nf6 3. Nxe5 d6 4. Nxf7 Kxf7 5. d4 Be7 6. Nc3 Rf8 7. Bc4+ Be6 8.
Bxe6+ Kxe6 9. Qe2 Kf7 10. Qc4+ Ke8 11. O-O Nbd7 12. a4 a5 13. Re1 Nb6 14. Qb3
Qd7 15. Bg5 Ng4 16. Bxe7 Qxe7 17. f3 Nf6 18. e5 {Normal} 1-0

[Event "Rated Blitz game"]
[Site "?"]
[Date "2021.11.24"]
[Round "?"]
[White "sosforlove"]
[Black "Tracolis"]
[Result "1-0"]
[ECO "C42"]
[WhiteElo "2431"]
[BlackElo "2339"]
[PlyCount "103"]
[EventDate "2021.??.??"]
[EventType "blitz"]
[TimeControl "180+2"]

1. e4 e5 2. Nf3 Nf6 3. Nxe5 d6 4. Nxf7 Kxf7 5. d4 g6 6. Nc3 Be7 7. Bc4+ Kg7 8.
f4 Nc6 9. O-O Bg4 10. Qd3 Nb4 11. Qd2 d5 12. exd5 Nbxd5 13. f5 Bxf5 14. Qh6+
Kf7 15. Nxd5 Nxd5 16. g4 Rg8 17. gxf5 gxf5+ 18. Kh1 Ke8 19. Qh5+ Rg6 20. Qxh7
Rd6 21. Bxd5 Rxd5 22. Qg8+ Bf8 23. Re1+ Kd7 24. Qxd5+ Bd6 25. Qxf5+ Kc6 26. Be3
b6 27. Qe4+ Kd7 28. Bf4 Qf6 29. Bxd6 Kxd6 30. Qxa8 c6 31. Qg8 Kc7 32. Qg2 Kb7
33. Rad1 Ka6 34. c4 Ka5 35. d5 c5 36. Qd2+ Ka6 37. d6 Qf3+ 38. Qg2 Qf4 39. Qg1
Qf3+ 40. Qg2 Qf4 41. b3 Ka5 42. a3 Ka6 43. b4 cxb4 44. axb4 Qxc4 45. Ra1+ Kb5
46. Re5+ Kxb4 47. Qb2+ Qb3 48. Re4+ Kc5 49. Rc1+ Kxd6 50. Qd4+ Qd5 51. Qf6+ Kd7
52. Qe7# {Normal} 1-0

[Event "Rated Blitz game"]
[Site "?"]
[Date "2021.11.23"]
[Round "?"]
[White "Leherzahn"]
[Black "Edelsol"]
[Result "1-0"]
[ECO "C42"]
[WhiteElo "2454"]
[BlackElo "2282"]
[PlyCount "101"]
[EventDate "2021.??.??"]
[EventType "blitz"]
[TimeControl "300"]

1. e4 e5 2. Nf3 Nf6 3. Nxe5 d6 4. Nxf7 Kxf7 5. Nc3 c5 6. Bc4+ Be6 7. Bxe6+ Kxe6
8. d4 cxd4 9. Qxd4 Nc6 10. Qc4+ Kd7 11. O-O Qe8 12. Bf4 Qe6 13. Qd3 Rd8 14.
Rad1 Kc8 15. Rfe1 Be7 16. Nd5 Rhe8 17. Nxe7+ Rxe7 18. f3 Red7 19. Qa3 Qc4 20.
Rd2 Qc5+ 21. Qxc5 dxc5 22. Rxd7 Rxd7 23. Kf2 Nd4 24. c3 Ne6 25. Be3 b6 26. g4
g5 27. Rh1 Nf4 28. h4 Nd3+ 29. Ke2 gxh4 30. Rxh4 Nxb2 31. Rh6 Rf7 32. e5 Ng8
33. Rh1 Nc4 34. f4 Nxe3 35. Kxe3 Ne7 36. Ke4 Kc7 37. f5 Rg7 38. Kf4 Nd5+ 39.
Kf3 Nxc3 40. f6 Rf7 41. Kf4 Nd5+ 42. Kf5 Ne3+ 43. Ke6 Rd7 44. f7 Rxf7 45. Kxf7
Nxg4 46. e6 Ne5+ 47. Kf6 Ng4+ 48. Ke7 Ne5 49. Rxh7 Nc6+ 50. Kf6+ Kd6 51. Rd7# {
Normal} 1-0

[Event "Rated Blitz game"]
[Site "?"]
[Date "2021.11.23"]
[Round "?"]
[White "Doubleb17"]
[Black "Queribus"]
[Result "0-1"]
[ECO "C42"]
[WhiteElo "2580"]
[BlackElo "2400"]
[PlyCount "72"]
[EventDate "2021.??.??"]
[EventType "blitz"]
[TimeControl "180"]

1. e4 e5 2. Nf3 Nf6 3. Nxe5 d6 4. Nxf7 Kxf7 5. Nc3 Be6 6. d4 c6 7. f4 Be7 8.
Be3 Rf8 9. f5 Bd7 10. g4 Kg8 11. g5 Ne8 12. Bd3 Bxg5 13. Qd2 Bxe3 14. Qxe3 Nf6
15. O-O-O b5 16. e5 dxe5 17. dxe5 Nd5 18. Nxd5 cxd5 19. e6 Qe8 20. Rhg1 Bc6 21.
Qe5 Qe7 22. Rdf1 Rf6 23. Rg5 Na6 24. a4 Nc5 25. Bxb5 Bxb5 26. axb5 Rc8 27. Qxd5
Rd8 28. Qc6 Nb3+ 29. cxb3 Rff8 30. Kb1 Qxg5 31. Qc7 Rc8 32. Qxa7 Rxf5 33. Rd1
Rd5 34. Qf7+ Kh8 35. Re1 Qg6+ 36. Qxg6 hxg6 {Normal} 0-1

[Event "Rated Blitz game"]
[Site "?"]
[Date "2021.11.22"]
[Round "?"]
[White "PorfiryP"]
[Black "timber99_cmc"]
[Result "1-0"]
[ECO "C42"]
[WhiteElo "2506"]
[BlackElo "2462"]
[PlyCount "125"]
[EventDate "2021.??.??"]
[EventType "blitz"]
[TimeControl "300"]

1. e4 e5 2. Nf3 Nf6 3. Nxe5 d6 4. Nxf7 Kxf7 5. d4 Nc6 6. Bc4+ Kg6 7. O-O h6 8.
Nc3 Be7 9. f4 Rf8 10. Qd3 Nb4 11. Qe2 Kh7 12. e5 Ng8 13. a3 d5 14. Bb3 Nc6 15.
Bxd5 Nxd4 16. Qd3+ Nf5 17. g4 Bc5+ 18. Kh1 c6 19. Be4 Qxd3 20. Bxd3 Nge7 21.
Na4 Bb6 22. Nxb6 axb6 23. Be3 Nd5 24. Bd4 c5 25. Bg1 g6 26. gxf5 gxf5 27. Rad1
Be6 28. Kg2 Rg8+ 29. Kf3 Rad8 30. Bc4 Bf7 31. Bxd5 Bxd5+ 32. Ke3 Be4 33. c3 b5
34. Bf2 c4 35. Bh4 Rd3+ 36. Rxd3 cxd3 37. e6 Re8 38. e7 Kg6 39. b3 Kf7 40. Rd1
Rg8 41. Rxd3 Bxd3 42. Kxd3 Rg2 43. Bg3 Kxe7 44. c4 bxc4+ 45. Kxc4 Kd7 46. b4
Ra2 47. Kb3 Re2 48. a4 h5 49. a5 Kc6 50. Kc4 Re4+ 51. Kc3 Kb5 52. Kd3 Rxb4 53.
Be1 Rxf4 54. Ke3 Ra4 55. Kf3 f4 56. Bd2 Ka6 57. Bxf4 Kxa5 58. h4 Kb5 59. Bd2
Kc6 60. Kg3 Kd5 61. Bf4 b5 62. Bd2 Re4 63. Bc3 {Time forfeit} 1-0

[Event "Rated Blitz tournament Uqaj75Yh"]
[Site "?"]
[Date "2021.11.22"]
[Round "?"]
[White "Rafaelcayon"]
[Black "tumedikitoalegre"]
[Result "0-1"]
[ECO "C42"]
[WhiteElo "2265"]
[BlackElo "2499"]
[PlyCount "130"]
[EventDate "2021.??.??"]
[EventType "blitz"]
[TimeControl "180"]

1. e4 e5 2. Nf3 Nf6 3. Nxe5 d6 4. Nxf7 Kxf7 5. Bc4+ d5 6. exd5 Bd6 7. O-O Re8
8. Nc3 Nbd7 9. d4 Nb6 10. Bb3 Kg8 11. a4 a5 12. Bg5 Bf5 13. Qf3 Bg6 14. Rfe1
Rxe1+ 15. Rxe1 Qf8 16. Re6 Nh5 17. Qe3 Re8 18. g4 Nf4 19. Rxe8 Bxe8 20. Ne4
Nfxd5 21. Nxd6 cxd6 22. Qe4 Bg6 23. Bxd5+ Kh8 24. Qf3 Qxf3 25. Bxf3 Bxc2 26.
Bxb7 Nxa4 27. Be7 Nxb2 28. Bxd6 Nc4 29. Bc5 a4 30. d5 a3 31. d6 a2 32. Bd4 Nxd6
33. Bd5 Bb1 34. f4 h6 35. Kf2 Kh7 36. Ke3 h5 37. h3 hxg4 38. hxg4 Kg6 39. Kd2
Kh6 40. Kc1 g5 41. fxg5+ Kxg5 42. Kb2 Kxg4 43. Bxa2 Bxa2 44. Kxa2 Kf5 45. Kb3
Ke4 46. Bc5 Nf5 47. Bf8 Ng3 48. Kb4 Ne2 49. Kc5 Nc1 50. Kd6 Nd3 51. Ke7 Nf4 52.
Kf7 Kf5 53. Kg7 Ne6+ 54. Kf7 Ng5+ 55. Kg7 Ne4 56. Kf7 Ng3 57. Kg7 Nh5+ 58. Kf7
Nf4 59. Kg7 Ng6 60. Kf7 Ne5+ 61. Kg7 Kg5 62. Kg8 Kg6 63. Bg7 Nf7 64. Bd4 Nh6+
65. Kf8 Nf5 {Time forfeit} 0-1

[Event "Rated Blitz game"]
[Site "?"]
[Date "2021.11.22"]
[Round "?"]
[White "Astrikov_86"]
[Black "adnansendur"]
[Result "1-0"]
[ECO "C42"]
[WhiteElo "2320"]
[BlackElo "2443"]
[PlyCount "83"]
[EventDate "2021.??.??"]
[EventType "blitz"]
[TimeControl "180"]

1. e4 e5 2. Nf3 Nf6 3. Nxe5 d6 4. Nxf7 Kxf7 5. Bc4+ Be6 6. Bxe6+ Kxe6 7. d3 c5
8. O-O Nc6 9. f4 Kd7 10. Nc3 a6 11. Kh1 Qe8 12. Qf3 Nd4 13. Qf2 Kc7 14. Be3 Ng4
15. Nd5+ Kc6 16. Qd2 Nxe3 17. Nxe3 g6 18. c3 Nb5 19. a4 Nc7 20. d4 Qxe4 21.
dxc5 dxc5 22. Rad1 Qe6 23. f5 gxf5 24. Nxf5 Re8 25. Qd3 Kb6 26. b4 cxb4 27.
cxb4 Bxb4 28. Qd4+ Ka5 29. Rb1 Nd5 30. Rxb4 Nxb4 31. Qc5+ b5 32. axb5 Qe5 33.
Qc4 axb5 34. Qb3 Qxf5 35. Qa3+ Kb6 36. Rg1 Qc5 37. Qf3 Nc6 38. Qf6 Qe5 39. Qh4
Kb7 40. h3 Re6 41. Qg4 Rf8 42. Qg7+ {Time forfeit} 1-0

[Event "Rated Blitz game"]
[Site "?"]
[Date "2021.11.22"]
[Round "?"]
[White "Salvaged_Dirt"]
[Black "Eelecurb"]
[Result "1/2-1/2"]
[ECO "C42"]
[WhiteElo "2485"]
[BlackElo "2474"]
[PlyCount "108"]
[EventDate "2021.??.??"]
[EventType "blitz"]
[TimeControl "180"]

1. e4 e5 2. Nf3 Nf6 3. Nxe5 d6 4. Nxf7 Kxf7 5. d4 c5 6. Nc3 cxd4 7. Qxd4 Nc6 8.
Bc4+ Be6 9. Bxe6+ Kxe6 10. Qc4+ Kd7 11. Bg5 Qa5 12. Bxf6 gxf6 13. O-O-O Ne5 14.
Qb3 Qb6 15. Qxb6 axb6 16. Kb1 Bh6 17. Nd5 Rhf8 18. Nxb6+ Kc6 19. Nxa8 Rxa8 20.
h3 Rg8 21. g3 Rf8 22. f4 Nc4 23. Rd4 b5 24. b3 Nb6 25. Rhd1 Nc8 26. Rd5 Rg8 27.
R1d3 Bf8 28. Rh5 h6 29. a4 bxa4 30. bxa4 Bg7 31. a5 Re8 32. Rc3+ Kb7 33. Rc4
Na7 34. Rb4+ Kc7 35. a6 Rb8 36. Rxb8 Kxb8 37. Rd5 Kc7 38. c4 Nc6 39. Kc2 Nb4+
40. Kb3 Nxd5 41. exd5 Kb6 42. Kb4 f5 43. c5+ dxc5+ 44. Kc4 Bf8 45. g4 fxg4 46.
hxg4 Kxa6 47. g5 hxg5 48. fxg5 Kb6 49. g6 Bg7 50. d6 Kc6 51. d7 Kxd7 52. Kxc5
Ke6 53. Kc4 Kf5 54. Kb3 Kxg6 {Normal} 1/2-1/2

[Event "Rated Blitz game"]
[Site "?"]
[Date "2021.11.22"]
[Round "?"]
[White "theScot"]
[Black "benga77"]
[Result "1-0"]
[ECO "C42"]
[WhiteElo "2594"]
[BlackElo "2577"]
[PlyCount "69"]
[EventDate "2021.??.??"]
[EventType "blitz"]
[TimeControl "180"]

1. e4 e5 2. Nf3 Nf6 3. Nxe5 d6 4. Nxf7 Kxf7 5. d4 c5 6. Bc4+ d5 7. exd5 b5 8.
Be2 c4 9. a4 Bb7 10. axb5 Bxd5 11. O-O Nbd7 12. Nc3 Nb6 13. Nxd5 Nfxd5 14. b3
Nc3 15. Bxc4+ Nxc4 16. Qf3+ Qf6 17. Qxc3 Nd6 18. Qd3 Nf5 19. Qc4+ Qe6 20. Qxe6+
Kxe6 21. Ra6+ Kd5 22. Rd1 Nd6 23. c4+ Ke4 24. b6 Be7 25. bxa7 Rhd8 26. Re1+ Kd3
27. Rxe7 Nf5 28. Re5 Nxd4 29. Be3 Nxb3 30. h3 Kxc4 31. Re7 Kb5 32. Ra3 Kb4 33.
Ra2 g6 34. Rb7+ Kc3 35. Ra3 {Normal} 1-0

[Event "Rated Blitz tournament Vu7l1w7j"]
[Site "?"]
[Date "2021.11.22"]
[Round "?"]
[White "GriNick"]
[Black "sumpor"]
[Result "1-0"]
[ECO "C42"]
[WhiteElo "2301"]
[BlackElo "2400"]
[PlyCount "49"]
[EventDate "2021.??.??"]
[EventType "blitz"]
[TimeControl "180"]

1. e4 e5 2. Nf3 Nf6 3. Nxe5 d6 4. Nxf7 Kxf7 5. Nc3 Be7 6. Bc4+ Be6 7. Bxe6+
Kxe6 8. d4 Kf7 9. f4 Rf8 10. O-O Kg8 11. h3 d5 12. e5 Ne4 13. Nxe4 dxe4 14. Be3
Qd5 15. b3 b5 16. Rc1 b4 17. c4 bxc3 18. Rxc3 c6 19. f5 Nd7 20. Qg4 c5 21. f6
Nxf6 22. exf6 Rxf6 23. Rxf6 Bxf6 24. Rxc5 Qe6 25. Qxe6+ {Normal} 1-0

[Event "Rated Blitz game"]
[Site "?"]
[Date "2021.11.21"]
[Round "?"]
[White "Vitruviy"]
[Black "nick_the_greek"]
[Result "1-0"]
[ECO "C42"]
[WhiteElo "2458"]
[BlackElo "2348"]
[PlyCount "63"]
[EventDate "2021.??.??"]
[EventType "blitz"]
[TimeControl "180"]

1. e4 e5 2. Nf3 Nf6 3. Nxe5 d6 4. Nxf7 Kxf7 5. d4 c5 6. Nc3 cxd4 7. Qxd4 Nc6 8.
Bc4+ Be6 9. Bxe6+ Kxe6 10. Qc4+ Kd7 11. Bg5 Be7 12. O-O-O Qa5 13. f4 Rad8 14.
e5 Ng4 15. Bxe7 Kxe7 16. exd6+ Kd7 17. Qf7+ Kc8 18. Qe6+ Kb8 19. Qxg4 Rhf8 20.
g3 Nb4 21. a3 Nc6 22. Qxg7 Rf5 23. Qc7+ Qxc7 24. dxc7+ Kxc7 25. Rxd8 Nxd8 26.
Re1 h5 27. Re7+ Kd6 28. Rh7 Kc5 29. Kd2 a6 30. Ke3 b5 31. Ne4+ Kc4 32. Nd6+ {
Normal} 1-0

[Event "Rated Blitz game"]
[Site "?"]
[Date "2021.11.21"]
[Round "?"]
[White "imakot"]
[Black "Drakon1976"]
[Result "0-1"]
[ECO "C42"]
[WhiteElo "2449"]
[BlackElo "2450"]
[PlyCount "62"]
[EventDate "2021.??.??"]
[EventType "blitz"]
[TimeControl "180+2"]

1. e4 e5 2. Nf3 Nf6 3. Nxe5 d6 4. Nxf7 Kxf7 5. d4 Be7 6. Nc3 c6 7. Bd3 Nbd7 8.
O-O Rf8 9. f4 Nb6 10. e5 dxe5 11. dxe5 Bg4 12. Qe1 Nfd5 13. h3 Nxc3 14. hxg4
Ncd5 15. Bd2 Kg8 16. g3 Bc5+ 17. Kg2 Qe8 18. Rh1 g6 19. f5 Bd4 20. Bf4 g5 21.
Bxg5 Qxe5 22. Qd2 Be3 23. Bxe3 Nxe3+ 24. Kf3 Rae8 25. Rae1 Qd5+ 26. Kf4 Nbc4
27. Bxc4 Qxc4+ 28. Kf3 Qxg4+ 29. Kf2 Rxf5+ 30. Kg1 Qxg3+ 31. Qg2 Qxg2# {Normal}
0-1

[Event "Rated Blitz game"]
[Site "?"]
[Date "2021.11.21"]
[Round "?"]
[White "exmath"]
[Black "pulchrum-oculis"]
[Result "0-1"]
[ECO "C42"]
[WhiteElo "2362"]
[BlackElo "2401"]
[PlyCount "92"]
[EventDate "2021.??.??"]
[EventType "blitz"]
[TimeControl "180"]

1. e4 e5 2. Nf3 Nf6 3. Nxe5 d6 4. Nxf7 Kxf7 5. Nc3 c5 6. Bc4+ d5 7. exd5 Bd6 8.
O-O a6 9. a4 Re8 10. d4 b6 11. Ba2 Bf5 12. a5 Nbd7 13. axb6 Qxb6 14. Na4 Qc7
15. dxc5 Nxc5 16. Nxc5 Qxc5 17. c4 Qc7 18. h3 Rac8 19. Be3 Kf8 20. Qd2 Bc5 21.
b4 Bxe3 22. fxe3 Be4 23. c5 Qe5 24. d6 Red8 25. Rad1 a5 26. Qd4 Qxd4 27. Rxd4
Bg6 28. e4 axb4 29. e5 Rxc5 30. exf6 gxf6 31. Rxf6+ Kg7 32. Rf1 Rb5 33. Bb3 Rb6
34. Rff4 Rbxd6 35. Rxd6 Rxd6 36. Rxb4 Kh6 37. Kh2 Rd2 38. Rh4+ Kg5 39. Rg4+ Kf6
40. Ba4 Ke5 41. Bc6 Rc2 42. Bf3 Rd2 43. Kg3 Rd3 44. Rg5+ Kf6 45. Rg4 Bf5 46.
Rf4 Ke5 {Time forfeit} 0-1

[Event "Rated Blitz game"]
[Site "?"]
[Date "2021.11.21"]
[Round "?"]
[White "Saminsa"]
[Black "TESTINGHALL1"]
[Result "1-0"]
[ECO "C42"]
[WhiteElo "2523"]
[BlackElo "2405"]
[PlyCount "45"]
[EventDate "2021.??.??"]
[EventType "blitz"]
[TimeControl "180"]

1. e4 e5 2. Nf3 Nf6 3. Nxe5 d6 4. Nxf7 Kxf7 5. d4 c5 6. dxc5 Nc6 7. Bc4+ Be6 8.
Bxe6+ Kxe6 9. O-O d5 10. exd5+ Qxd5 11. Re1+ Kf7 12. Bd2 Bxc5 13. Nc3 Qf5 14.
Qe2 Rhe8 15. Qc4+ Kf8 16. Rf1 Ng4 17. h3 Nxf2 18. Nd5 Nxh3+ 19. Kh2 Bd6+ 20. g3
Nf2 21. Rxf2 Qxf2+ 22. Kh1 Ne5 23. Rf1 {Time forfeit} 1-0

[Event "Rated Blitz tournament VqjDAuwX"]
[Site "?"]
[Date "2021.11.21"]
[Round "?"]
[White "lest_we_forget"]
[Black "HeartBreaker0"]
[Result "0-1"]
[ECO "C42"]
[WhiteElo "2450"]
[BlackElo "2230"]
[PlyCount "112"]
[EventDate "2021.??.??"]
[EventType "blitz"]
[TimeControl "180"]

1. e4 e5 2. Nf3 Nf6 3. Nxe5 d6 4. Nxf7 Kxf7 5. d4 c5 6. Bc4+ Be6 7. Bxe6+ Kxe6
8. dxc5 Nc6 9. cxd6 Qxd6 10. Qe2 Kf7 11. Nc3 Re8 12. O-O Qe6 13. f3 Nd4 14. Qd3
Bc5 15. Be3 Rd8 16. Bxd4 Rxd4 17. Qb5 Bb6 18. Kh1 Rhd8 19. Rae1 Rd2 20. Re2
Rxe2 21. Qxe2 Bd4 22. Rd1 Qb6 23. Qc4+ Kf8 24. Nb5 Be5 25. Rd3 Rxd3 26. cxd3 a6
27. Qb4+ Kg8 28. Qc4+ Kf8 29. Qb4+ Ke8 30. d4 Qxb5 31. Qxb5+ axb5 32. dxe5 Nd7
33. f4 Nc5 34. g4 Nxe4 35. Kg2 Nd2 36. Kf2 Nc4 37. b3 Na5 38. Ke3 Nc6 39. Ke4
Nb4 40. a4 Nc2 41. axb5 Nb4 42. f5 Ke7 43. g5 Nc2 44. h4 h6 45. g6 Nb4 46. h5
Nc2 47. Kd5 Nb4+ 48. Kc5 Nc2 49. Kb6 Ne3 50. f6+ gxf6 51. exf6+ Kxf6 52. Kxb7
Kg7 53. Kc6 Nf5 54. b6 Nd4+ 55. Kc7 Ne6+ 56. Kc8 Nc5 {Time forfeit} 0-1

[Event "Rated Blitz game"]
[Site "?"]
[Date "2021.11.21"]
[Round "?"]
[White "tatamaco"]
[Black "FaultyBagnose"]
[Result "1/2-1/2"]
[ECO "C42"]
[WhiteElo "2454"]
[BlackElo "2435"]
[PlyCount "147"]
[EventDate "2021.??.??"]
[EventType "blitz"]
[TimeControl "180+2"]

1. e4 e5 2. Nf3 Nf6 3. Nxe5 d6 4. Nxf7 Kxf7 5. d4 c6 6. Bd3 Be7 7. O-O Bg4 8.
f3 Bh5 9. Be3 Rf8 10. Nd2 Kg8 11. g4 Bf7 12. g5 Nh5 13. f4 d5 14. e5 g6 15. Qg4
Ng7 16. h4 Be6 17. Qf3 Nd7 18. c3 Qb6 19. b4 a5 20. a3 axb4 21. axb4 Rxa1 22.
Rxa1 Nf5 23. Bf2 Qc7 24. h5 Bd8 25. Ra8 Nb6 26. Ra1 Qf7 27. h6 Qd7 28. Nb3 Be7
29. Be1 Ra8 30. Qd1 Qd8 31. Kg2 Rxa1 32. Qxa1 Bxg5 33. fxg5 Qxg5+ 34. Kf1 Qxh6
35. Nc5 Qh3+ 36. Kg1 Ne3 37. Qb2 Bf5 38. Bxf5 Qxf5 39. Qf2 Qg5+ 40. Qg3 Qxg3+
41. Bxg3 Nd1 42. Be1 Kf7 43. Nxb7 Na4 44. Nd8+ Ke8 45. Nxc6 Naxc3 46. Bxc3 Nxc3
47. Kf2 Kd7 48. Na5 Na2 49. b5 Nc3 50. b6 Na4 51. b7 Kc7 52. e6 Nc3 53. e7 Ne4+
54. Ke3 Nd6 55. Nc6 Kxb7 56. Nb4 Kc7 57. Nxd5+ Kd7 58. Kf4 h6 59. Ke5 Nf5 60.
Kf6 Nxe7 61. Nxe7 g5 62. Nf5 Kc6 63. Ke5 h5 64. d5+ Kd7 65. d6 h4 66. Ke4 g4
67. Kf4 h3 68. Kg3 Ke6 69. Kh2 Kd7 70. Kg3 Ke6 71. Kxg4 h2 72. Ng3 Kxd6 73. Kh3
h1=Q+ 74. Nxh1 {Normal} 1/2-1/2